Map: Odyssey LE

Players

Yata

  • Race: Zerg Zerg
  • League: Silver
  • Spawn Location: 5:00

A.I. 1 (Very Hard)

  • Race: Terran Terran
  • Spawn Location: 11:00

VOD

Have the link to the VOD?

Description

Time

  • Played on: Aug. 13, 2017, 8:42 p.m.
  • Length: 7:44
Show
View Real Time Build Order
Export as new Build Order

Yata Zerg 

Build Orders: Hatch First 

Get SALT Encoding   

  12  0:01  Drone  
  13  0:10  Drone  
  14  0:16  Overlord  
  14  0:35  Drone x2  
  16  0:36  Drone  
  17  0:55  Drone  
  18  0:58  Hatchery, Drone  
  18  1:08  Extractor  
  17  1:15  Spawning Pool  
  17  1:17  Drone  
  17  1:29  Drone x2  
  19  1:40  Overlord  
  19  1:50  Drone  
  20  2:02  Drone  
  21  2:10  Queen  
  21  2:11  Queen  
  21  2:13  Zergling x4  
  27  2:16  Metabolic Boost  
  27  2:23  Drone x2  
  29  2:39  Baneling Nest  
  29  2:40  Drone  
  29  2:41  Drone  
  30  2:54  Drone  
  30  2:55  Drone x3  
  34  3:12  Drone x2  
  36  3:14  Hatchery  
  35  3:24  Overlord  
  35  3:25  Overlord  
  35  3:34  Zergling x2  
  36  3:44  Drone x2  
  36  3:45  Drone x3  
  41  3:53  Queen  
  41  3:54  Queen  
  45  4:04  Zergling x2  
  45  4:05  Zergling x12  
  52  4:22  Evolution Chamber  
  51  4:26  Extractor  
  50  4:34  Drone  
  50  4:35  Drone x5  
  56  4:48  Lair  
  56  4:53  Drone  
  56  4:54  Drone  
  56  4:56  Overlord  
  56  4:57  Overlord x3  
  58  5:00  Zerg Melee Weapons Level 1  
  53  5:24  Zergling x14  
  55  5:44  Zergling x2  
  55  5:45  Zergling x10  
  55  5:49  Baneling  
  61  5:50  Baneling x10  
  61  5:55  Drone  
  61  5:56  Drone x7  
  69  6:02  Extractor  
  68  6:07  Queen  
  68  6:08  Queen x2  
  74  6:15  Spire  
  73  6:20  Drone x2  
  73  6:21  Drone  
  73  6:22  Drone  
  77  6:28  Zergling x2  
  77  6:29  Zergling x14  
  85  6:38  Hatchery  
  63  7:23  Zergling x2  
  63  7:24  Zergling x36  
Show
View Real Time Build Order
Export as new Build Order

A.I. 1 (Very Hard) Terran 

Build Orders: MMM Bio 

Get SALT Encoding   

  12  0:00  SCV  
  13  0:13  SCV  
  14  0:18  Supply Depot  
  14  0:25  SCV  
  15  0:39  SCV  
  16  0:44  Barracks  
  16  0:51  SCV  
  17  1:03  SCV  
  18  1:15  SCV  
  19  1:19  Command Center  
  19  1:32  Marine  
  19  1:33  Orbital Command  
  20  1:46  Supply Depot  
  20  1:50  Refinery, Marine  
  21  1:59  SCV  
  22  2:08  Marine  
  22  2:10  Barracks  
  22  2:11  SCV  
  22  2:15  Refinery  
  24  2:23  SCV  
  24  2:26  Marine  
  24  2:28  Supply Depot  
  26  2:35  SCV  
  27  2:42  Orbital Command  
  27  2:46  Marine  
  27  2:48  SCV  
  29  2:58  Factory  
  29  3:00  SCV  
  29  3:02  Marine  
  29  3:05  Marine  
  32  3:09  SCV  
  32  3:12  SCV  
  34  3:19  Marine  
  34  3:21  SCV  
  34  3:23  Marine  
  34  3:24  SCV  
  38  3:28  Barracks  
  38  3:33  SCV  
  39  3:36  SCV  
  39  3:38  Barracks Tech Lab  
  40  3:41  Barracks Tech Lab  
  40  3:44  Factory Tech Lab, Starport  
  40  3:48  SCV x2  
  42  3:56  Marine  
  42  3:58  Stimpack  
  42  3:59  Marine  
  42  4:00  SCV x2  
  42  4:02  Combat Shields  
  46  4:07  Supply Depot  
  46  4:13  SCV  
  46  4:14  SCV  
  46  4:16  Marine  
  49  4:18  Marine  
  49  4:20  Marine  
  51  4:25  SCV  
  51  4:26  SCV  
  51  4:29  Supply Depot, Medivac  
  54  4:37  SCV  
  55  4:38  SCV  
  55  4:42  Supply Depot, Marine  
  55  4:43  Siege Tank  
  55  4:44  Marine  
  61  4:46  Marine  
  61  4:51  SCV x2  
  64  4:54  Supply Depot  
  64  4:59  Engineering Bay  
  64  5:02  Engineering Bay, Marauder  
  64  5:03  SCV  
  64  5:04  Marauder  
  69  5:11  Refinery, SCV  
  70  5:15  SCV  
  70  5:16  Refinery  
  70  5:19  Hellion  
  72  5:23  SCV, Marauder  
  72  5:26  Marauder  
  72  5:27  SCV  
  74  5:35  SCV  
  75  5:39  Supply Depot, SCV  
  75  5:45  Marauder  
  75  5:47  SCV, Marauder  
  80  5:51  SCV  
  81  5:59  SCV  
  81  6:02  Barracks Reactor, Medivac  
  81  6:03  SCV  
  85  6:05  Supply Depot  
  85  6:06  Marauder  
  85  6:09  Marauder  
  89  6:11  SCV  
  89  6:16  Command Center  
  90  6:22  Concussive Shells, SCV  
  91  6:27  Marauder, Missile Turret  
  91  6:31  Supply Depot  
  91  6:32  Marauder  
  95  6:38  Missile Turret  
  95  6:46  Starport Reactor, Barracks  
  95  6:47  Marine  
  95  6:48  Marine  
  95  6:49  Marauder  
  95  6:53  Marauder  
  101  6:57  Supply Depot, Hellion  
  102  7:05  SCV  
  98  7:10  Marauder  
  98  7:15  Marauder  
  96  7:19  Hellion  
  96  7:20  Marine  
  96  7:21  Marine  
  102  7:42  Supply Depot  
Tags
 
Composition
MMM Bio
League
Silver
Matchup
TvZ
Replay Pack
Pack 1
Spawn Locations
Cross Positions
Add a new tag
Caveats
  • Supply blocks, unpowered buildings, or Contaminate may cause inaccurate times.
  • Supply counts are checked every 10 seconds.